 Dungeon Crawl Stone Soup version 0.31-a0-152-g6aa68a64a1 (webtiles) character file.

Game seed: 12097103882035053909

21 qw the Shooter (level 2, -8/26 HPs)
             Began as a Naga Hunter on June 10, 2023.
             Mangled by a gnoll
             ... wielding a +0 flail
              (11 damage)
             ... on level 2 of the Dungeon.
             The game lasted 00:00:13 (499 turns).

qw the Shooter (Naga Hunter)                         Turns: 499, Time: 00:00:14

Health: -8/26      AC:  2    Str: 13    XL:     2   Next: 83%
Magic:  2/2        EV:  9    Int:  9    God:
Gold:   36         SH:  0    Dex: 14    Spells: 1/1 levels left

rFire   . . .        Y - +1 shortbow
rCold   . . .        (shield currently unavailable)
rNeg    . . .        c - +0 leather armour
rPois   +            (no helmet)
rElec   .            (no cloak)
rCorr   .            (no gloves)
SInv    +            (no barding)
Will    .....        (no amulet)
Stlth   ++           (no ring)
HPRegen 0.24/turn    (no ring)
MPRegen 0.08/turn

%: no passive effects
@: short of breath, very slow
A: AC +0, large, see invisible, deformed body, poison resistance, slowness 2,
spit poison 1, naga tail 1
a: Spit Poison


You were on level 2 of the Dungeon.
You visited 1 branch of the dungeon, and saw 2 of its levels.

You collected 36 gold pieces.


Innate Abilities, Weirdness & Mutations

Your serpentine skin is tough. (AC +0)
You have supernaturally acute eyesight. (SInv)
Armour fits poorly on your strangely shaped body.
Your system is resistant to poisons. (rPois)
You cover ground very slowly.
You can spit poison.
You have a snake-like lower body.


   Skills:
 - Level 2.0 Fighting
 + Level 4.3 Ranged Weapons
 - Level 1.5 Dodging
 - Level 1.5 Stealth


You had one spell level left.
You didn't know any spells.
Your spell library was empty.

Inventory:

Hand Weapons
 Y - a +1 shortbow (weapon)
Armour
 c - a +0 leather armour (worn)
Scrolls
 a - a scroll of poison {unknown}
Potions
 e - a potion of mutation {unknown}
 h - a potion of ambrosia {unknown}

Dungeon Overview and Level Annotations

Branches:
Dungeon (2/15)

Altars:


Message History

Really abort (and waste the scroll)?
Done exploring.
448 ||| DROPPING scroll of butterflies.
You drop a scroll of butterflies.
Done exploring.
(D) Dungeon
Where to? (* - list waypoints, ? - help)
What level of the Dungeon? (default 1, ? - help)
There is a stone staircase leading down here.
You climb downwards.
Found four items.
There is a stone staircase leading up here.
Waypoint 1 assigned to D:2.
Found 2 javelins.
a - a scroll labelled YSHIUPPUIMO
There is a stone staircase leading up here.
A worm comes into view.
You shoot an arrow. The arrow completely misses the worm.
You hear a shout!
A gnoll comes into view. It is wielding a +0 flail.
495 ||| INVOKING Spit Poison.
Aiming: Spit Poison (2% risk of failure)
Press: ? - help, Shift-Dir - straight line, f - gnoll, p - worm The splash of poison hits the gnoll.
The gnoll is poisoned.
The gnoll is lightly wounded.
You shoot an arrow. The arrow barely misses the gnoll.
The gnoll hits you with a +0 flail!
You shoot an arrow. The arrow barely misses the gnoll.
You have got your breath back.
The gnoll hits you with a +0 flail!
498 ||| INVOKING Spit Poison.
Aiming: Spit Poison (2% risk of failure)
Press: ? - help, Shift-Dir - straight line, f/p - gnoll The splash of poison hits the gnoll but does no damage.
The gnoll looks even sicker.
The gnoll is lightly wounded.
The gnoll hits you with a +0 flail!
You shoot an arrow. The arrow hits the gnoll!
The gnoll is severely wounded.
The gnoll hits you with a +0 flail!
You die...

#.. #.# #.. #.#
...#.# ..#.# .#.##
######...
...w...g# ###
#@##.#.# #....#.#
#.##..(# #.# #.#
#.# #.# #
.######<####.##.##
..~~~~...........#
.)..:~..####.....#
.#~~~~..#
#.###...#


You could see a worm and a gnoll (very poisoned).

Vanquished Creatures
  A ball python (D:1)
  2 bats (D:1)
  2 endoplasms (D:1)
  2 goblins (D:1)
  2 hobgoblins (D:1)
  4 kobolds (D:1)
  3 frilled lizards (D:1)
  2 rats (D:1)
18 creatures vanquished.

Notes
Turn   | Place    | Note
-------+----------+-------------------------------------------
     0 | D:1      | qw the Naga Hunter began the quest for the Orb.
     0 | D:1      | Reached XP level 1. HP: 19/19 MP: 1/1
     0 | D:1      | 0 ||| qw: Version: 0.2-a-122-gbc61b45
     0 | D:1      | 0 ||| qw: Game counter: 3598
     0 | D:1      | 0 ||| qw: Always use a shield: true
     0 | D:1      | 0 ||| qw: God list: Okawaru
     0 | D:1      | 0 ||| qw: Allow faded altars: false
     0 | D:1      | 0 ||| qw: Do Orc after D:15 true
     0 | D:1      | 0 ||| qw: Do second Lair branch before Depths: true
     0 | D:1      | 0 ||| qw: Lair rune preference: random
     0 | D:1      | 0 ||| qw: Plans: Normal
     0 | D:1      | 0 ||| PLANNING D:1-11
    17 | D:1      | 17 ||| INVOKING Spit Poison.
    44 | D:1      | 44 ||| INVOKING Spit Poison.
    59 | D:1      | Reached skill level 4 in Ranged Weapons
    59 | D:1      | Reached XP level 2. HP: 26/26 MP: 2/2
   106 | D:1      | 106 ||| INVOKING Spit Poison.
   107 | D:1      | 107 ||| INVOKING Spit Poison.
   112 | D:1      | 112 ||| INVOKING Spit Poison.
   139 | D:1      | 139 ||| INVOKING Spit Poison.
   142 | D:1      | 142 ||| INVOKING Spit Poison.
   192 | D:1      | 192 ||| INVOKING Spit Poison.
   243 | D:1      | 243 ||| INVOKING Spit Poison.
   248 | D:1      | 248 ||| INVOKING Spit Poison.
   261 | D:1      | 261 ||| INVOKING Spit Poison.
   440 | D:1      | 440 ||| READING scroll labelled NEIGOL BEUDICK.
   445 | D:1      | 445 ||| READING scroll labelled GUOFUA LERUCK.
   446 | D:1      | 446 ||| READING scroll labelled ESIVEK YSOM.
   447 | D:1      | 447 ||| READING scroll labelled IMUUGU DAUR.
   448 | D:1      | 448 ||| DROPPING scroll of butterflies.
   495 | D:2      | 495 ||| INVOKING Spit Poison.
   498 | D:2      | 498 ||| INVOKING Spit Poison.
   498 | D:2      | HP: 3/26 [gnoll/+0 flail (7)]
   499 | D:2      | Mangled by a gnoll

Levels and vault maps discovered:
D:1:      matt_arrival_diagonals, layout_rooms
D:2:      layout_basic, chequers_serial_rivers_micro_d

Skill      XL: |  1 |
---------------+----+-----
Ranged Weapons | 4 |  4.3
Fighting       | |  2.0
Dodging        | |  1.5
Stealth        | |  1.5

Action                     || total
---------------------------++-------
   Fire: Shortbow          ||    33
Ability: Spit Poison       ||    12
    Use: Scroll            ||     4
 Armour: Leather armour    ||     3
  Dodge: Dodged            ||     1

Table legend:
 A = Non-vault XP
 B = Vault XP
 C = Vault XP percentage of total XP
 D = Non-vault monster count
 E = Vault monster count
 F = Vault count percentage of total count
                 A         B        C        D         E       F
            +---------+---------+-------+---------+---------+-------
      Total |      30 |       0 |   0.0 |      18 |       0 |   0.0
            +---------+---------+-------+---------+---------+-------
        D:1 |      30 |       0 |   0.0 |      18 |       0 |   0.0
            +---------+---------+-------+---------+---------+-------
